 Dungeon Crawl Stone Soup version 0.31-a0-210-gccc998df9b (webtiles) character file.

Game seed: 3912991409370867789

553 qw the Shooter (level 7, -4/44 HPs)
             Began as a Gargoyle Hexslinger on June 29, 2023.
             Shot with an arrow by a centaur (10 damage)
             ... on level 5 of the Dungeon.
             The game lasted 00:01:47 (3887 turns).

qw the Shooter (Gargoyle Hexslinger)                Turns: 3887, Time: 00:01:48

Health: -4/44      AC: 12    Str: 12    XL:     7   Next: 29%
Magic:  8/8        EV: 10    Int: 13    God:
Gold:   98         SH:  0    Dex: 14    Spells: 7/8 levels left

rFire   . . .        Y - +2 sling
rCold   . . .        (no shield)
rNeg    + . .        i - +0 ring mail
rPois   inf          m - +0 helmet
rElec   +            (no cloak)
rCorr   .            (no gloves)
SInv    +            h - +0 pair of boots
Will    .....        f - amulet of regeneration
Stlth   +            b - ring of see invisible
HPRegen 1.07/turn    (no ring)
MPRegen 0.11/turn

%: no passive effects
@: about to teleport
A: sickness immunity, AC +4, negative energy resistance 1, electricity
resistance, torment resistance 1, petrification resistance
a: no special abilities


You were on level 5 of the Dungeon.
You visited 1 branch of the dungeon, and saw 5 of its levels.
You also visited: Sewer.

You collected 178 gold pieces.
You spent 80 gold pieces at shops.


Innate Abilities, Weirdness & Mutations

You are immune to sickness and miasma.
Your stone body is resilient. (AC +4)
You are immune to poison.
You resist negative energy. (rN+)
You are resistant to electric shocks. (rElec)
You are resistant to unholy torment.
You are immune to petrification.


   Skills:
 - Level 4.6 Fighting
 + Level 6.4 Ranged Weapons
 - Level 1.0 Armour
 - Level 1.5 Dodging
 - Level 1.0 Spellcasting
 - Level 2.6 Hexes


You had 7 spell levels left.
You knew the following spells:

 Your Spells              Type           Power      Damage    Failure   Level
a - Slow                  Hex            28%        N/A       22%         1

Your spell library contained the following spells:

 Spells                   Type           Power      Damage    Failure   Level
 Inner Flame              Hex/Fire       4%         N/A       73%         3
 Portal Projectile        Hex/Tloc       8%         N/A       73%         3
 Cause Fear               Hex            3%         N/A       91%         4

Inventory:

Hand Weapons
 Y - a +2 sling (weapon)
Armour
 h - a +0 pair of boots (worn)
 i - a +0 ring mail (worn)
 m - a +0 helmet (worn)
Jewellery
 b - a ring of see invisible (left hand)
 f - an amulet of regeneration (around neck)
Scrolls
 c - 3 scrolls of teleportation
 k - a scroll of identify
Potions
 a - a potion of mutation {unknown}
 d - a potion of brilliance {unknown}
 e - a potion of might
 j - 3 potions of curing

Dungeon Overview and Level Annotations

Branches:
Dungeon (5/15)              Sewer (visited)
 Temple: D:4-7

Altars:

Shops:
D:1 :   D:3 =   D:4 ?=(=

Annotations:
D:3 2 transporters, qw's ghost, amateur GrFi


Message History

The centaur shoots an arrow.
The arrow barely misses you.
You shoot a sling bullet. The sling bullet hits the centaur.
The centaur is moderately wounded.
The centaur shoots an arrow.
The arrow hits you but does no damage.
You shoot a sling bullet. The sling bullet hits the centaur.
The centaur is moderately wounded.
The centaur shoots an arrow.
The arrow hits you.
You shoot a sling bullet.
The sling bullet hits the centaur but does no damage.
The centaur is moderately wounded.
The centaur shoots an arrow.
The arrow hits you.
The centaur shoots an arrow.
The arrow misses you.
You shoot a sling bullet.
The sling bullet hits the centaur but does no damage.
The centaur is moderately wounded.
The centaur shoots an arrow.
The arrow barely misses you.
You shoot a sling bullet. The sling bullet hits the centaur.
The centaur is heavily wounded.
The centaur shoots an arrow.
The arrow hits you!
The centaur shoots an arrow.
The arrow hits you!
You shoot a sling bullet.
The sling bullet barely misses the centaur.
The centaur shoots an arrow.
The arrow hits you.
The centaur shoots an arrow.
The arrow closely misses you.
3884 ||| READING 4 scrolls of teleportation.
As you read the scroll of teleportation, it crumbles to dust.
You feel strangely unstable.
The centaur shoots an arrow.
The arrow barely misses you.
You shoot a sling bullet.
The sling bullet hits the centaur but does no damage.
The centaur is heavily wounded.
The centaur shoots an arrow.
The arrow hits you!
You shoot a sling bullet. The sling bullet hits the centaur!
The centaur is almost dead.
The centaur shoots an arrow.
The arrow misses you.
The centaur shoots an arrow.
The arrow barely misses you.
You shoot a sling bullet.
The sling bullet barely misses the centaur.
The centaur shoots an arrow.
The arrow hits you!
You die...

.... . #... ..
#.#. ......
...#... ...... .
...c. #....# ...
... .....#
....##.###......
....$..@.#...#
####..%<....#
#....#.#..##
#....#.##.......
..... ... .......
......... .......
#####............
#...#........
.............


You could see a centaur.

Vanquished Creatures
  5 kobold brigands (Sewer)
  A jelly (D:3)
  8 adders
  A river rat (Sewer)
  4 worms
  4 dart slugs
  7 orcs
  12 ball pythons
  12 endoplasms
  2 giant cockroaches (D:3)
  7 goblins
  2 hobgoblins
  2 jackals (D:1)
  A quokka (D:3)
  2 bats
  2 frilled lizards (D:1)
  7 kobolds
  8 rats
87 creatures vanquished.

Notes
Turn   | Place    | Note
-------+----------+-------------------------------------------
     0 | D:1      | qw the Gargoyle Hexslinger began the quest for the Orb.
     0 | D:1      | Reached XP level 1. HP: 12/12 MP: 2/2
     0 | D:1      | 0 ||| qw: Version: 0.3-a-24-ga2abf7b
     0 | D:1      | 0 ||| qw: Game counter: 6867
     0 | D:1      | 0 ||| qw: Melee chars always use a shield: true
     0 | D:1      | 0 ||| qw: God list: Okawaru
     0 | D:1      | 0 ||| qw: Allow faded altars: false
     0 | D:1      | 0 ||| qw: Do Orc after clearing Dungeon:15 true
     0 | D:1      | 0 ||| qw: Do second Lair branch before Depths: true
     0 | D:1      | 0 ||| qw: Lair rune preference: random
     0 | D:1      | 0 ||| qw: Goals: Normal
     0 | D:1      | 0 ||| PLANNING D:1-11
   181 | D:1      | Found Ymut's Book Shop.
   332 | D:1      | Reached XP level 2. HP: 16/16 MP: 3/3
   555 | D:1      | Reached skill level 3 in Ranged Weapons
   790 | D:1      | 790 ||| UPGRADING to +0 pair of boots.
   795 | D:1      | 795 ||| UPGRADING to +0 ring mail.
   805 | D:1      | 805 ||| DROPPING +0 robe.
   806 | D:1      | 806 ||| UPGRADING to amulet of regeneration.
   811 | D:1      | 811 ||| READING scroll labelled RAVUDGHISSO.
   812 | D:1      | 812 ||| READING scroll labelled RUHOMU YXODUO.
   813 | D:1      | 813 ||| READING scroll labelled MONTOETAKH.
   814 | D:1      | 814 ||| READING scroll labelled BIJIYL SOEQU.
   815 | D:1      | 815 ||| DRINKING 2 ruby potions.
   816 | D:1      | 816 ||| DROPPING scroll of poison.
   985 | D:2      | Reached XP level 3. HP: 21/21 MP: 4/4
  1346 | D:2      | Found a faded altar of an unknown god.
  1407 | D:2      | Reached skill level 1 in Armour
  1655 | D:2      | Reached XP level 4. HP: 26/26 MP: 5/5
  1807 | D:2      | 1807 ||| UPGRADING to ring of see invisible.
  1858 | D:3      | Found Cojenev's Jewellery Boutique.
  1867 | D:3      | Reached skill level 4 in Ranged Weapons
  1876 | D:3      | 1876 ||| SHOPLISTING +6 ring of dexterity (504 gold, have
                  | 90).
  1876 | D:3      | 1876 ||| SHOPLISTING amulet of reflection (420 gold, have
                  | 90).
  1876 | D:3      | 1876 ||| SHOPLISTING ring of positive energy (280 gold,
                  | have 90).
  1876 | D:3      | 1876 ||| SHOPLISTING ring of willpower (350 gold, have 90).
  1997 | D:3      | Identified the +1 falchion "Emenuiq" {drain, Fragile rC++
                  | Dex+4}
  2009 | D:3      | Noticed qw's ghost (amateur GrFi)
  2010 | D:3      | Noticed a steam dragon
  2048 | D:3      | Found a transporter.
  2073 | D:3      | Found a transporter.
  2319 | D:3      | 2319 ||| UPGRADING to +0 helmet.
  2324 | D:3      | 2324 ||| READING scroll labelled TADANL POBI.
  2325 | D:3      | 2325 ||| READING scroll labelled FIR MIUM ERGH.
  2326 | D:3      | 2326 ||| READING scroll labelled PYWKUA EVUCH.
  2330 | D:3      | 2330 ||| DRINKING 2 grey potions.
  2352 | D:3      | 2352 ||| DROPPING potion of lignification.
  2366 | D:4      | 2366 ||| PLANNING SEWER
  2410 | D:4      | Found Joleri Ovve's Weapon Emporium.
  2573 | D:4      | Found Nuufucw's Jewellery Shoppe.
  2579 | D:4      | Reached XP level 5. HP: 30/30 MP: 6/6
  2594 | D:4      | 2594 ||| SHOPLISTING amulet of reflection (300 gold, have
                  | 161).
  2594 | D:4      | 2594 ||| SHOPLISTING ring "Sivo" {Str+2 Int+6 Stlth+} (500
                  | gold, have 161).
  2594 | D:4      | 2594 ||| SHOPLISTING ring of positive energy (200 gold,
                  | have 161).
  2594 | D:4      | 2594 ||| SHOPLISTING ring of protection from cold (250
                  | gold, have 161).
  2594 | D:4      | 2594 ||| SHOPLISTING ring of willpower (250 gold, have
                  | 161).
  2669 | D:4      | Found a glowing drain.
  2678 | D:4      | 2678 ||| Stepping ~*~*~tactically~*~*~ (water).
  2691 | Sewer    | Entered a sewer
  2718 | Sewer    | Noticed a kobold brigand
  2719 | Sewer    | 2719 ||| Stepping ~*~*~tactically~*~*~ (water).
  2736 | Sewer    | Killed a kobold brigand
  2737 | Sewer    | Reached skill level 5 in Ranged Weapons
  2752 | Sewer    | 2752 ||| Stepping ~*~*~tactically~*~*~ (water).
  2816 | Sewer    | Noticed a kobold brigand
  2841 | Sewer    | Killed a kobold brigand
  2842 | Sewer    | Reached skill level 3 in Fighting
  2842 | Sewer    | Reached XP level 6. HP: 37/37 MP: 7/7
  2884 | Sewer    | 2884 ||| Stepping ~*~*~tactically~*~*~ (water).
  2908 | Sewer    | 2908 ||| Stepping ~*~*~tactically~*~*~ (water).
  2956 | Sewer    | 2956 ||| Stepping ~*~*~tactically~*~*~ (water).
  2995 | Sewer    | Reached skill level 6 in Ranged Weapons
  3134 | Sewer    | 3134 ||| Stepping ~*~*~tactically~*~*~ (water).
  3186 | Sewer    | 3186 ||| Stepping ~*~*~tactically~*~*~ (water).
  3239 | Sewer    | Reached XP level 7. HP: 38/44 MP: 8/8
  3277 | Sewer    | 3277 ||| Stepping ~*~*~tactically~*~*~ (water).
  3324 | Sewer    | 3324 ||| DRINKING 2 black potions.
  3325 | Sewer    | 3325 ||| DRINKING 2 blue potions.
  3326 | Sewer    | 3326 ||| DROPPING potion of magic.
  3348 | D:4      | 3348 ||| PLANNING D:1-11
  3423 | D:4      | 3423 ||| FLEEEEING.
  3433 | D:4      | Found Wezaaz's Jewellery Boutique.
  3439 | D:4      | 3439 ||| SHOPLISTING +4 ring of slaying (858 gold, have
                  | 161).
  3439 | D:4      | 3439 ||| SHOPLISTING +5 ring of evasion (396 gold, have
                  | 161).
  3439 | D:4      | 3439 ||| SHOPLISTING amulet of faith (440 gold, have 161).
  3439 | D:4      | 3439 ||| SHOPLISTING ring of ice (275 gold, have 161).
  3576 | D:4      | Found Ekaiklol's Magic Scroll Shoppe.
  3584 | D:4      | 3584 ||| BUYING scroll of identify (20 gold).
  3584 | D:4      | Bought a scroll of identify for 20 gold pieces
  3584 | D:4      | 3584 ||| BUYING scroll of teleportation (30 gold).
  3584 | D:4      | Bought a scroll of teleportation for 30 gold pieces
  3584 | D:4      | 3584 ||| BUYING scroll of teleportation (30 gold).
  3584 | D:4      | Bought a scroll of teleportation for 30 gold pieces
  3823 | D:4      | 3823 ||| READING scroll labelled POLORI UTUNI.
  3849 | D:5      | Entered Level 5 of the Dungeon
  3883 | D:5      | HP: 9/44 [centaur/arrow (6)]
  3884 | D:5      | 3884 ||| READING 4 scrolls of teleportation.
  3885 | D:5      | HP: 4/44 [centaur/arrow (8)]
  3887 | D:5      | Shot with an arrow by a centaur

Levels and vault maps discovered:
D:1:      mainiacjoe_arrival_reflecting_pool, layout_basic, serial_shops,
          nicolae_shop_peninsula, hangedman_feature_mirror
D:2:      minmay_skewed_foursquare, layout_loops_corners,
          shapermc_ecumenical_altar_mp_urbaneastern,
          kennysheep_decorative_pillar
D:3:      layout_basic, serial_shops, shop, gammafunk_ghost_arena, st_stairs_2
D:4:      layout_loops_corners, cheibrodos_sewer_entry_drain, serial_shops,
          nicolae_shop_waterfront, shop, shop_statue, shop
D:5:      layout_cave_pools, mainiacjoe_overflow_swirl, st_stairs_4,
          uniq_duvessa, uniq_pikel, uniq_menkaure

Skill      XL: |  1  2  3  4  5  6 |
---------------+-------------------+-----
Ranged Weapons | 3 4 5 6 |  6.4
Fighting       | 2 3 4 |  4.6
Armour         | 1 |  1.0
Dodging        | |  1.5
Spellcasting   | |  1.0
Hexes          | |  2.6

Action                     |  1- 3 |  4- 6 |  7- 9 || total
---------------------------+-------+-------+-------++-------
   Fire: Sling             |   118 |   261 |    92 ||   471
    Use: Scroll            |     4 |     3 |     2 ||     9
         Potion            |     1 |     1 |     2 ||     4
 Armour: Robe              |     2 |       |       ||     2
         Ring mail         |    35 |    62 |    33 ||   130
  Dodge: Dodged            |    44 |    47 |    37 ||   128

Table legend:
 A = Non-vault XP
 B = Vault XP
 C = Vault XP percentage of total XP
 D = Non-vault monster count
 E = Vault monster count
 F = Vault count percentage of total count
                 A         B        C        D         E       F
            +---------+---------+-------+---------+---------+-------
      Total |     145 |     646 |  81.7 |      47 |      40 |  46.0
            +---------+---------+-------+---------+---------+-------
        D:1 |      19 |       2 |   9.5 |      10 |       2 |  16.7
        D:2 |      44 |      20 |  31.2 |      10 |       5 |  33.3
        D:3 |      37 |      41 |  52.6 |      17 |       2 |  10.5
        D:4 |      32 |       7 |  17.9 |       9 |       3 |  25.0
        D:5 |      13 |       0 |   0.0 |       1 |       0 |   0.0
      Sewer |       0 |     576 | 100.0 |       0 |      28 | 100.0
            +---------+---------+-------+---------+---------+-------
